 Dungeon Crawl Stone Soup version 0.22-a0-803-gd6d8abe (webtiles) character file.

345 sking99 the Insei (level 6, -4/41 HPs)
             Began as an Octopode Transmuter on July 22, 2018.
             Slain by a phantom (8 damage)
             ... on level 6 of the Dungeon.
             The game lasted 00:06:39 (3125 turns).

sking99 the Insei (Octopode Transmuter)             Turns: 3125, Time: 00:06:40

Health: -4/41      AC:  2    Str: 10    XL:     6   Next: 58%
Magic:  3/9        EV: 21    Int: 15    God:
Gold:   77         SH:  0    Dex: 19    Spells: 3/9 levels left

rFire    . . .     SeeInvis .     - Unarmed
rCold    . . .     Gourm    .   (shield currently unavailable)
rNeg     . . .     Faith    .   (helmet currently unavailable)
rPois    x         Spirit   .   (no amulet)
rElec    .         Reflect  .   (no ring)
rCorr    .         Harm     .   (no ring)
MR       .....                  (no ring)
Stlth    ++........             (no ring)
HPRegen  0.13/turn              (no ring)
MPRegen  0.11/turn              (no ring)
                                (no ring)
                                (no ring)

@: spider-form
A: tiny, almost no armour, stealthy swim, (amphibious), 8 rings, (constrict 8)
a: End Transformation


You were on level 6 of the Dungeon.
You were not hungry.
You were a venomous arachnid creature.
You visited 1 branch of the dungeon, and saw 4 of its levels.

You collected 77 gold pieces.

Inventory:

Missiles
 a - 32 arrows
Scrolls
 d - a scroll of amnesia {unknown}
 f - 4 scrolls of remove curse {unknown}
 h - 2 scrolls of enchant weapon {unknown}
 i - a scroll of teleportation {unknown}
 l - a scroll of fear {unknown}
 n - a scroll of immolation {unknown}
Potions
 b - a potion of magic {unknown}
 e - 3 potions of curing {unknown}
 g - a potion of degeneration {unknown}
 k - a potion of brilliance {unknown}
 m - a potion of experience {unknown}
Comestibles
 c - 5 rations


   Skills:
 + Level 2.8 Fighting
 + Level 2.9 Dodging
 + Level 4.5 Unarmed Combat
 - Level 2.2 Spellcasting
 + Level 3.9 Transmutations
 - Level 2.0 Poison Magic


You had 3 spell levels left.
You knew the following spells:

 Your Spells              Type           Power        Failure   Level  Hunger
a - Beastly Appendage     Tmut           ##....       13%         1    #......
b - Sticks to Snakes      Tmut           ##......     19%         2    ###....
c - Spider Form           Tmut/Pois      ##........   38%         3    ###....

Your spell library contained the following spells:

 Spells                   Type           Power        Failure   Level  Hunger
 Blade Hands              Tmut           ##........   90%         5    ######.
 Ice Form                 Ice/Tmut       #.......     85%         4    #####..


Dungeon Overview and Level Annotations

Branches:
Dungeon (3/15)

Altars:


Innate Abilities, Weirdness & Mutations

You cannot wear most types of armour.
You are very stealthy in the water. (Stealth+)
((You are amphibious.))
You can wear up to eight rings at the same time.
((You can use your tentacles to constrict eight enemies at once.))
((Your skin changes colour to match your surroundings (Stealth+).))
((Your rubbery body absorbs attacks. (AC +1, EV +1)))


Message History

You feel sick.
You are no longer poisoned.
Your magical contamination has completely faded away.
You start resting.
Eating a chunk of flesh.
You eat the chunk of flesh.
This raw flesh tastes terrible.
You hear the slow hiss of a very distant avalanche of sand.
You start resting.
The phantom is too close now for your liking.
Casting: Spider Form (safe; 19% risk of failure)
Confirm with . or Enter, or press ? or * to list all spells.
You turn into a venomous arachnid creature.
You bite the phantom!
The phantom is severely damaged.
The phantom barely misses you.
You hit the phantom.
The phantom is severely damaged.
You bite the phantom!
The phantom is almost destroyed.
The phantom hits you!
You die...

####'## #.# ... #.# ....
#.###### #####...... #......#
###.........# ######.#
.'.........#
#.#.######.........# ..
#.#................+ ...
#######.#.#.#s##.........##...
#.....#.# # #W.#..............
#.......# #....#.###).........
#####.### ###..#.#.#%!....§..#
#.# #........#..†....... #.#
...^..###.#...†...... #.#
.#........##...#..... #.#
...#####..##†..#..... #.#
...#.................


You could see a phantom.

Vanquished Creatures
  An ogre (D:6)
  A hound (D:6)
  An orc wizard (D:3)
  A centaur skeleton (D:6)
  Terence (D:3)
  A worker ant (D:6)
  4 adders
  3 oozes
  5 worms
  2 dart slugs (D:1)
  5 leopard geckos
  4 orcs (D:3)
  4 bats
  A giant cockroach (D:3)
  10 hobgoblins
  6 jackals
  5 kobolds
  A quokka (D:2)
  3 frilled lizards
  A goblin (D:2)
  8 rats
68 creatures vanquished.

Notes
Turn   | Place    | Note
-------+----------+-------------------------------------------
     0 | D:1      | sking99 the Octopode Transmuter began the quest for the Orb.
     0 | D:1      | Reached XP level 1. HP: 13/13 MP: 3/3
    76 | D:1      | Reached XP level 2. HP: 15/18 MP: 3/5
   460 | D:1      | Reached XP level 3. HP: 23/23 MP: 6/6
   464 | D:1      | Learned a level 2 spell: Sticks to Snakes
   468 | D:1      | Learned a level 3 spell: Spider Form
  1108 | D:2      | Reached skill level 1 in Poison Magic
  1271 | D:2      | Reached XP level 4. HP: 21/28 MP: 5/7
  2581 | D:3      | Reached XP level 5. HP: 23/34 MP: 5/8
  2584 | D:3      | Reached skill level 4 in Unarmed Combat
  2758 | D:3      | Noticed Terence
  2771 | D:3      | Killed Terence
  2962 | D:3      | You fall through a shaft for 3 floors!
  3042 | D:6      | Reached XP level 6. HP: 37/41 MP: 6/9
  3081 | D:6      | Noticed a phantom
  3105 | D:6      | HP: 2/41 [poisoned by an adder]
  3125 | D:6      | Slain by a phantom

Vault maps used:
D:1:      dpeg_arrival_rooms_c, st_stairs_3
D:3:      minmay_lizard_king, uniq_terence
D:6:      enter_ossuary_3, uniq_pikel, uniq_grinder

Skill      XL: |  1  2  3  4  5 |
---------------+----------------+-----
Poison Magic   | 1 2 |  2.0
Transmutations | 3 |  3.9
Fighting       | 2 |  2.8
Unarmed Combat | 4 |  4.5
Dodging        | |  2.9
Spellcasting   | |  2.2

Action                   |  1- 3 |  4- 6 || total
-------------------------+-------+-------++-------
Melee: Unarmed           |    65 |   129 ||   194
       Kick              |    12 |     7 ||    19
       Constrict         |    13 |    16 ||    29
       Tentacles         |     7 |    11 ||    18
       Punch             |     4 |     2 ||     6
 Cast: Beastly Appendage |    11 |     8 ||    19
       Spider Form       |       |     7 ||     7
       Sticks to Snakes  |       |     2 ||     2
 Stab: Sleeping          |    13 |     4 ||    17
  Eat: Chunk             |     2 |     7 ||     9
Armor: Skin              |     1 |     6 ||     7
Dodge: Dodged            |    27 |    75 ||   102

Table legend:
 A = Spawn XP
 B = Non-spawn XP
 C = Spawn XP percentage of total XP
 D = Spawn monster count
 E = Non-spawn monster count
 F = Spawn count percentage of total count
 G = Total turns spent on level
                    A         B        C        D         E        F      G
               +---------+---------+-------+---------+---------+-------+---------
         Total |       0 |     494 |   0.0 |       0 |      68 |   0.0 |  3125
               +---------+---------+-------+---------+---------+-------+---------
           D:1 |       0 |      45 |   0.0 |       0 |      19 |   0.0 |   909
           D:2 |       0 |      84 |   0.0 |       0 |      25 |   0.0 |  1411
           D:3 |       0 |     124 |   0.0 |       0 |      17 |   0.0 |   642
           D:6 |       0 |     241 |   0.0 |       0 |       7 |   0.0 |   163
               +---------+---------+-------+---------+---------+-------+---------
